[Event "2nd Asian Nations Team Cup U14 2019"]
[Site "Shenzhen"]
[Date "2019.12.24"]
[Round "7.9"]
[White "Erkhes, Bayartnar"]
[Black "Han, Xuqian Ben"]
[Result "1-0"]
[ECO "B52"]
[WhiteElo "1937"]
[BlackElo "1714"]
[Annotator "NA RC"]
[PlyCount "126"]
[EventDate "2019.12.19"]
[EventType "team-tourn"]
[EventCountry "CHN"]
[SourceTitle "playchess.com"]
[Source "ChessBase"]
[SourceQuality "1"]
[WhiteTeam "Mongolia"]
[BlackTeam "Hong Kong"]
[WhiteTeamCountry "MGL"]
[BlackTeamCountry "HKG"]
[TimeControl "5400+30"]

1. e4 c5 2. Nf3 d6 3. Bb5+ Bd7 4. Bxd7+ Qxd7 5. c4 Nf6 6. Nc3 g6 7. d4 cxd4 8. Nxd4 Bg7 9. f3 O-O 10. Be3 Nc6 11. O-O e6 12. Qd2 {[%emt 0:12:00] B52: Sicilian: Moscow Variation with 3...Bd7} (12. Rc1 Rfd8 13. Nxc6 bxc6 14. Rf2 d5 15. Rd2 Qe8 16. e5 Nd7 17. f4 Nb6 18. b3 dxc4 19. Ne4 Nd5 {0-1 (33) Giri,A (2798)-Anand,V (2784) Zuerich 2016}) 12... Rfd8 13. Rfd1 d5 14. cxd5 exd5 15. Nxc6 bxc6 {[%emt 0:00:21] [#]} 16. Qf2 $146 ({Predecessor:} 16. e5 Ne8 17. f4 f6 18. exf6 Nxf6 19. Rac1 Rab8 {1-0 (57) Pichot,A (2548)-Hua,L (2333) chess.com INT 2017}) 16... Qc7 17. exd5 Nxd5 18. Nxd5 Rxd5 19. Rac1 Rad8 20. Rxd5 Rxd5 21. b3 a6 22. Qc2 Bd4 23. Bxd4 Rxd4 24. Qe2 Qb6 25. Kh1 Rd8 26. h3 a5 27. Qe4 Qc7 28. f4 c5 29. a3 Qd6 30. Qc4 Qd4 31. Qxc5 Qxf4 32. Rg1 Qf5 33. Qxf5 gxf5 34. Rf1 Rd5 35. b4 axb4 (35... a4 $11) 36. axb4 Kg7 37. Rb1 Rb5 38. Kg1 Kf6 39. Kf2 Ke5 40. Kf3 h6 41. Ke3 h5 42. g3 Kd5 43. Kf4 Kc4 (43... Kd6 $16) 44. Kg5 Kc3 $2 (44... Kd4 $16 {is a better defense.}) 45. Rc1+ Kd4 {[%emt 0:01:02] [#]} 46. Rc5 $1 Rxb4 47. Rxf5 Rb3 48. Kh4 Rb7 49. Kxh5 Ke4 50. g4 f6 51. Rxf6 Ke5 52. g5 Rh7+ 53. Kg4 Rg7 54. h4 Ra7 55. Rf1 (55. h5 $18 Ra1 56. h6) 55... Ke6 56. g6 Ra4+ 57. Kg5 (57. Rf4 $18 Ra2 58. h5) 57... Ra5+ 58. Kh6 Ra4 59. h5 Ra7 60. g7 Ra8 61. Rf8 Ra6 62. g8=Q+ Ke7+ 63. Kh7 Ra7 1-0

[Event "2nd Asian Nations Team Cup U14 2019"]
[Site "Shenzhen"]
[Date "2019.12.24"]
[Round "7.10"]
[White "Kannappan, Thanneermalai"]
[Black "Temuujin, Kherlen"]
[Result "1/2-1/2"]
[ECO "C10"]
[WhiteElo "1495"]
[BlackElo "1711"]
[Annotator "NA RC"]
[PlyCount "64"]
[EventDate "2019.12.19"]
[EventType "team-tourn"]
[EventCountry "CHN"]
[SourceTitle "playchess.com"]
[Source "ChessBase"]
[SourceQuality "1"]
[WhiteTeam "Hong Kong"]
[BlackTeam "Mongolia"]
[WhiteTeamCountry "HKG"]
[BlackTeamCountry "MGL"]
[TimeControl "5400+30"]

1. e4 e6 2. d4 d5 3. Nc3 dxe4 4. Nxe4 Nd7 5. Bd3 Ngf6 6. Qe2 c5 7. Nxf6+ Nxf6 8. dxc5 Bxc5 9. Bd2 O-O 10. O-O-O Qb6 11. Nf3 Rd8 12. Rhf1 a5 13. Bc3 Bd7 14. Ng5 Be7 15. Qe5 h6 16. Bd4 Qd6 17. Qxd6 Bxd6 18. Bxf6 Bf4+ 19. Kb1 gxf6 20. Ne4 Kg7 21. g3 Bc7 22. Nc5 Bc6 23. Be4 Rxd1+ 24. Rxd1 Bxe4 25. Nxe4 Rd8 26. Rxd8 Bxd8 27. c4 f5 28. Nd6 b6 29. Kc2 Be7 30. Nb5 Bc5 31. f3 e5 32. Kd3 Kf6 {[%emt 0:00:55] Ke4} 1/2-1/2

[Event "2nd Asian Nations Team Cup U14 2019"]
[Site "Shenzhen"]
[Date "2019.12.24"]
[Round "7.11"]
[White "Angar, Zoljargal"]
[Black "Liu, Fung Ming Mathew"]
[Result "1-0"]
[ECO "B90"]
[WhiteElo "1696"]
[BlackElo "1493"]
[Annotator "NA RC"]
[PlyCount "105"]
[EventDate "2019.12.19"]
[EventType "team-tourn"]
[EventCountry "CHN"]
[SourceTitle "playchess.com"]
[Source "ChessBase"]
[SourceQuality "1"]
[WhiteTeam "Mongolia"]
[BlackTeam "Hong Kong"]
[WhiteTeamCountry "MGL"]
[BlackTeamCountry "HKG"]
[TimeControl "5400+30"]

1. e4 c5 2. Nf3 d6 3. d4 cxd4 4. Nxd4 Nf6 5. Nc3 a6 6. Be3 Ng4 7. Bg5 Qb6 8. Nd5 Qa5+ 9. b4 Qd8 10. Be2 Nf6 11. Qd3 Nxd5 12. exd5 g6 13. O-O Bg7 14. Rab1 O-O 15. c4 Qb6 16. Rfd1 Re8 17. Qe3 Nd7 18. Nc2 Qxe3 19. Nxe3 h6 20. Bh4 g5 21. Bg3 Nf6 22. f3 Nh5 23. Bf2 Nf4 24. Bf1 Bd7 25. g3 Ng6 26. c5 Ba4 27. Rdc1 Ne5 28. Kg2 Bd7 29. f4 gxf4 30. gxf4 Ng6 31. c6 Bc8 32. Kf3 e5 33. Nc4 Bf8 34. Nb6 e4+ 35. Ke3 Ra7 36. Nxc8 Rxc8 37. Kxe4 Re8+ 38. Kf3 Raa8 39. cxb7 Rab8 40. Bxa6 Ne7 41. Ba7 Rbd8 42. Bb5 Rb8 43. Bxe8 Rxb7 44. Bd4 Rb8 45. Rg1+ Kh7 46. Bxf7 Ra8 47. Rbe1 Ra3+ 48. Re3 Rxe3+ 49. Kxe3 Nf5+ 50. Kd3 Nxd4 51. Kxd4 Bg7+ 52. Rxg7+ Kxg7 53. Be6 1-0

[Event "2nd Asian Nations Team Cup U14 2019"]
[Site "Shenzhen"]
[Date "2019.12.24"]
[Round "7.12"]
[White "Lee, Gerent Chak Yan"]
[Black "Ulziikhishig Khishigbat"]
[Result "0-1"]
[ECO "E09"]
[WhiteElo "1450"]
[BlackElo "1525"]
[Annotator "NA RC"]
[PlyCount "79"]
[EventDate "2019.12.19"]
[EventType "team-tourn"]
[EventCountry "CHN"]
[SourceTitle "playchess.com"]
[Source "ChessBase"]
[SourceQuality "1"]
[WhiteTeam "Hong Kong"]
[BlackTeam "Mongolia"]
[WhiteTeamCountry "HKG"]
[BlackTeamCountry "MGL"]
[TimeControl "5400+30"]

1. d4 d5 2. c4 e6 3. Nf3 Nf6 4. g3 c6 5. Bg2 Nbd7 6. O-O Be7 7. Qc2 O-O 8. Nc3 b6 9. e4 dxe4 10. Nxe4 Bb7 11. Ne5 Rc8 12. Bf4 Nxe4 13. Bxe4 Nf6 14. Bg2 Bd6 15. Bg5 Rc7 16. Rad1 h6 17. Bf4 Rc8 18. Qa4 Qc7 19. c5 bxc5 20. Rfe1 cxd4 21. Rxd4 Nd5 22. Bxd5 exd5 23. Nd3 c5 24. Bxd6 Qxd6 25. Rf4 Rc7 26. Ne5 Re7 27. Rf5 g6 28. Qf4 gxf5 29. Qxf5 Bc8 30. Qh5 Rfe8 31. f4 d4 32. g4 d3 33. g5 d2 34. Rd1 Qd4+ 35. Kg2 Qe4+ 36. Kg3 Qe3+ 37. Nf3 Bb7 38. gxh6 Qxf3+ 39. Qxf3 Bxf3 40. Kxf3 0-1

[Event "2nd Asian Nations Team Cup U14 2019"]
[Site "Shenzhen"]
[Date "2019.12.24"]
[Round "7.17"]
[White "Li, Shanglin"]
[Black "Zhang, Di"]
[Result "0-1"]
[ECO "D20"]
[WhiteElo "2020"]
[BlackElo "2013"]
[Annotator "NA RC"]
[PlyCount "118"]
[EventDate "2019.12.19"]
[EventType "team-tourn"]
[EventCountry "CHN"]
[SourceTitle "playchess.com"]
[Source "ChessBase"]
[SourceQuality "1"]
[WhiteTeam "China"]
[BlackTeam "China"]
[WhiteTeamCountry "CHN"]
[BlackTeamCountry "CHN"]
[TimeControl "5400+30"]

1. d4 d5 2. c4 dxc4 3. e3 e5 4. Bxc4 exd4 5. exd4 Bd6 6. Nf3 Nf6 7. O-O O-O 8. Nc3 Nc6 9. h3 h6 10. Re1 Bf5 11. a3 a6 {[%emt 0:02:00] D20: Queen's Gambit Accepted: 3 e3 and 3 e4} (11... Re8 12. Rxe8+ Qxe8 13. Nb5 Qd7 14. Nxd6 Qxd6 15. Qb3 Be6 16. Bxe6 fxe6 17. Bf4 Qd5 18. Qxb7 Nxd4 19. Qxd5 Nxd5 20. Nxd4 Nxf4 {½-½ (59) Zvjaginsev,V (2673)-Popov,I (2596) Moscow 2016}) 12. d5 Ne7 13. Be3 Ng6 14. Nd4 Bc8 $146 ({Predecessor:} 14... Bd7 15. Qd2 Re8 16. Rad1 Qc8 17. Bf1 Nh4 18. Bf4 Rxe1 19. Rxe1 {0-1 (62) Curien,N (2232)-Souleidis,G (2395) Basel 2004}) 15. Ba2 Re8 16. Qc2 Nf8 17. Rad1 Re5 18. Bc4 Bd7 19. Nf3 Re8 20. Bd4 Rxe1+ 21. Rxe1 Ng6 22. Ba2 Nh5 23. Ne4 Bf5 24. Bb1 Nhf4 25. Qb3 Qc8 26. Nxd6 cxd6 27. Bxf5 Qxf5 28. Qxb7 Rf8 29. Qb3 h5 30. Qe3 (30. Qd1 $11) 30... Qxd5 (30... Nxg2 $1 $15 31. Kxg2 Nf4+ {[%mdl 64] Double Attack} 32. Kg1 Qg6+ 33. Ng5 Qxg5+ {[%mdl 64] Double Attack} 34. Qg3 Rc8) 31. g3 Ne6 32. Bc3 Qf5 (32... Re8 $11 {remains equal.}) 33. Kh2 (33. Nd4 $16 Nxd4 34. Qxd4) 33... Rd8 34. Nd4 Nxd4 35. Bxd4 d5 36. b4 h4 37. Qe2 ({White should try} 37. g4 $11 Qf4+ 38. Kg1) 37... hxg3+ 38. fxg3 Nf8 39. Qxa6 Ne6 40. Bg1 $2 (40. Rf1 $11 {and White has nothing to worry.} Qe4 41. Bb6) 40... Ng5 41. Qf1 Nf3+ 42. Kh1 d4 43. Rd1 d3 $4 (43... Qe4 $19 44. Bf2 d3) 44. Kg2 Nh4+ 45. gxh4 Qg6+ 46. Kh1 d2 {[%emt 0:00:56] [#]} 47. Qf3 $1 Rd3 {[%emt 0:02:10] [#]} 48. Qg2 $2 (48. Be3 $1 $18) 48... Qe6 49. Kh2 $11 Qe5+ 50. Kh1 Qe6 51. Qf2 $2 Rxh3+ 52. Bh2 Qe4+ 53. Qg2 Qe1+ 54. Qg1 $11 Qe4+ $2 (54... Qe2 $19 55. Rxd2 Qxd2 56. b5) 55. Qg2 Qe1+ {[%emt 0:00:01] Double Attack} 56. Qf1 $19 {[%emt 0:00:23] [#]} Re3 $1 57. Kg2 Re2+ 58. Kg1 Qxd1 59. Qxd1 Re1+ {[%emt 0:00:01] Double Attack} 0-1

[Event "2nd Asian Nations Team Cup U14 2019"]
[Site "Shenzhen"]
[Date "2019.12.24"]
[Round "7.18"]
[White "Xiao, Tong"]
[Black "Xue, Haowen"]
[Result "1/2-1/2"]
[ECO "B66"]
[WhiteElo "1925"]
[BlackElo "1909"]
[Annotator "NA RC"]
[PlyCount "94"]
[EventDate "2019.12.19"]
[EventType "team-tourn"]
[EventCountry "CHN"]
[SourceTitle "playchess.com"]
[Source "ChessBase"]
[SourceQuality "1"]
[WhiteTeam "China"]
[BlackTeam "China"]
[WhiteTeamCountry "CHN"]
[BlackTeamCountry "CHN"]
[TimeControl "5400+30"]

1. e4 c5 2. Nf3 Nc6 3. d4 cxd4 4. Nxd4 Nf6 5. Nc3 d6 6. Bg5 e6 7. Qd2 a6 8. O-O-O h6 9. Bf4 Bd7 10. Nb3 Ne5 11. Bg3 {[%emt 0:01:18] B66: Sicilian: Richter-Rauzer: 7...a6 8 0-0-0 h6} (11. f3 b5 12. Kb1 Qc7 13. Bd3 Be7 14. h4 Rb8 15. Ne2 Nc4 16. Bxc4 bxc4 17. Nbc1 e5 18. Be3 d5 19. exd5 {½-½ (45) Shyam,S (2402)-Adhiban,B (2439) Mangalore 2008}) 11... b5 12. f4 b4 13. fxe5 (13. Nd5 $5 Nxe4 14. Qxb4 Nxg3 15. hxg3 $11) 13... bxc3 14. Qd4 cxb2+ 15. Kxb2 dxe5 16. Bxe5 Be7 17. Bd3 $146 ({Predecessor:} 17. Be2 Bc6 18. Qxd8+ Bxd8 {0-1 (48) Hamara,R (2000)-Gano,A (2000) ICCF email 2008}) 17... O-O ({Black should try} 17... Bc6 $15) 18. Bxf6 $1 gxf6 (18... Bxf6 $5 19. e5 $8 Be7 $11) 19. Qe3 ({White must play} 19. e5 $1 $11 fxe5 20. Qg4+ Kh8 21. Qh5) 19... Qc7 20. Qg3+ Qxg3 21. hxg3 {[%emt 0:00:02] [#]} Kg7 $1 22. Bxa6 Bc6 23. Bd3 Ra4 24. Rh5 Rfa8 25. Rdh1 Rxa2+ 26. Kc3 {[%emt 0:00:08] [#]} f5 $1 27. exf5 Bf6+ 28. Kd2 Bxg2 29. Re1 e5 (29... R8a3 $19 30. Rb1 Bf3) 30. Nc5 $1 Bf3 {[%emt 0:00:43] [#]} 31. g4 $1 Bg5+ {[%emt 0:00:33] [#]} 32. Rxg5+ $1 hxg5 {[%emt 0:01:11] [#]} 33. f6+ $1 {[%emt 0:00:08] Decoy} Kf8 ({Of course not} 33... Kxf6 $6 34. Rf1 $16) 34. Rxe5 Rd8 ({Wrong is} 34... Bxg4 $2 35. Rxg5 R2a5 36. Bh7 $18) 35. Ke3 Bd1 36. Bf5 Bxc2 37. Nd7+ Kg8 38. Bxc2 Rxc2 39. Rxg5+ Kh7 40. Rg7+ Kh6 41. g5+ Kh5 42. Ne5 Re8 43. Kf4 Rf2+ 44. Nf3 Rh8 45. Kg3 Rf1 46. Kg2 Ra1 47. Ne5 (47. Kg3 $11) 47... Re8 $11 1/2-1/2

[Event "2nd Asian Nations Team Cup U14 2019"]
[Site "Shenzhen"]
[Date "2019.12.24"]
[Round "7.19"]
[White "Lu, Miaoyi"]
[Black "Chen, Yuan"]
[Result "0-1"]
[ECO "E09"]
[WhiteElo "1787"]
[BlackElo "2056"]
[Annotator "NA RC"]
[PlyCount "50"]
[EventDate "2019.12.19"]
[EventType "team-tourn"]
[EventCountry "CHN"]
[SourceTitle "playchess.com"]
[Source "ChessBase"]
[SourceQuality "1"]
[WhiteTeam "China"]
[BlackTeam "China"]
[WhiteTeamCountry "CHN"]
[BlackTeamCountry "CHN"]
[TimeControl "5400+30"]

1. d4 Nf6 2. c4 e6 3. g3 d5 4. Nf3 c6 5. Bg2 Be7 6. O-O O-O 7. Qc2 Nbd7 8. Nbd2 c5 9. cxd5 exd5 10. dxc5 {[%emt 0:02:37] E09: Closed Catalan: Main Line: 7 Qc2 c6 8 Nbd2} (10. b3 b6 11. Bb2 Ba6 12. Rfe1 Rc8 13. Qd1 Re8 14. Rc1 Bd6 15. Nh4 Bf8 16. Ndf3 Ne4 17. Ne5 Ndf6 {1-0 (75) Pham,C (2353)-Shyam,N (2431) Ho Chi Minh City 2014}) 10... Nxc5 11. Nd4 Bd7 $146 ({Predecessor:} 11... Re8 12. b3 Bg4 13. f3 Ne6 14. Nxe6 Bxe6 15. Bb2 Qb6+ 16. Kh1 Qe3 17. Qd1 Nh5 {1-0 (37) Guimaraes,W (2232)-Manzi,L (2017) Rio de Janeiro 2018}) 12. N2f3 Rc8 13. Qd1 Bd6 14. Bg5 Nce4 15. Bxf6 Qxf6 16. Qb3 Bc6 17. Rac1 Bc5 18. Nxc6 bxc6 19. Qc2 Bb6 20. e3 Rfe8 21. Rfd1 $2 {[%emt 0:02:38] [#]} (21. Ne1 $11) 21... Nxf2 $1 {[%emt 0:03:50] Remove Defender} 22. Kxf2 (22. Rf1 $142 Ng4 23. Kh1 Nxe3 {[%mdl 64] Double Attack} 24. Qd2) 22... Rxe3 23. Rd2 Rxf3+ 24. Ke1 Re8+ 25. Re2 Ba5+ {[%emt 0:00:37] Bf1} 0-1

[Event "2nd Asian Nations Team Cup U14 2019"]
[Site "Shenzhen"]
[Date "2019.12.24"]
[Round "7.20"]
[White "Wei, Yaqing"]
[Black "Wu, Yixing"]
[Result "1/2-1/2"]
[ECO "B20"]
[WhiteElo "1621"]
[BlackElo "1767"]
[Annotator "NA RC"]
[PlyCount "81"]
[EventDate "2019.12.19"]
[EventType "team-tourn"]
[EventCountry "CHN"]
[SourceTitle "playchess.com"]
[Source "ChessBase"]
[SourceQuality "1"]
[WhiteTeam "China"]
[BlackTeam "China"]
[WhiteTeamCountry "CHN"]
[BlackTeamCountry "CHN"]
[TimeControl "5400+30"]

1. e4 c5 2. Ne2 d6 3. g3 Nc6 4. Bg2 g6 5. c3 Bg7 6. d4 e5 7. d5 Nb8 8. f4 Nd7 9. O-O Ne7 10. Na3 O-O 11. Nc4 Qc7 12. a4 f5 13. fxe5 Nxe5 14. Nxe5 Bxe5 15. Bh6 Rf7 16. Qd2 Bd7 17. Bf4 Bxf4 18. Rxf4 Rd8 19. c4 Nc8 20. b3 Rdf8 21. Raf1 Qd8 22. Nc3 Qe7 23. Re1 Qg5 24. e5 dxe5 25. Rxe5 Qf6 26. Qe2 g5 27. Rf1 Ne7 28. Re3 f4 29. Rd3 Bf5 30. Ne4 Qg6 31. Rd2 f3 32. Rxf3 Bg4 33. Nf6+ Rxf6 34. Rxf6 Qxf6 35. Qxg4 Qc3 36. Qxg5+ Ng6 37. h4 Kh8 38. h5 Qc1+ 39. Kh2 Rf2 40. Qd8+ Rf8 41. Qg5 1/2-1/2

[Event "2nd Asian Nations Team Cup U14 2019"]
[Site "Shenzhen"]
[Date "2019.12.25"]
[Round "8.1"]
[White "Yin, Richard"]
[Black "Jin Yueheng"]
[Result "0-1"]
[ECO "B15"]
[WhiteElo "1427"]
[BlackElo "1924"]
[Annotator "NA RC"]
[PlyCount "94"]
[EventDate "2019.12.19"]
[EventType "team-tourn"]
[EventCountry "CHN"]
[SourceTitle "playchess.com"]
[Source "ChessBase"]
[SourceQuality "1"]
[WhiteTeam "Hong Kong"]
[BlackTeam "China"]
[WhiteTeamCountry "HKG"]
[BlackTeamCountry "CHN"]
[TimeControl "5400+30"]

1. e4 c6 2. d4 d5 3. Nc3 dxe4 4. Nxe4 Nf6 5. Nxf6+ exf6 6. Nf3 Bd6 7. Be2 O-O 8. O-O Re8 9. c4 {[%emt 0:08:04] B15: Caro-Kann: 3 Nc3: 3...g6 and 3...dxe4 4 Nxe4 Nf6 5 Nxf6+ exf6} Nd7 10. b3 (10. Bd3 Nf8 11. h3 Ng6 12. Qc2 Qa5 13. c5 Bb8 14. Bd2 Qd8 15. Rfe1 Be6 16. Bc4 Nf8 {0-1 (47) Nepomniachtchi,I (2767)-Carlsen,M (2840) Doha 2016}) 10... Nf8 11. Bd3 $146 ({Predecessor:} 11. Qc2 Ng6 12. Be3 Qc7 13. Rfe1 Bg4 14. h3 Be6 15. Rad1 Qd7 16. Bf1 {½-½ (37) Cruz,J (2059)-Spraggett,K (2534) Coimbra 2017}) 11... Ng6 12. h3 Be6 13. Qc2 {[%emt 0:00:48] [#]} (13. Bc2 $11) 13... Qd7 $1 14. Bb2 {[%emt 0:03:26] [#]} (14. Nh2 $17) 14... Bxh3 $1 15. Bxg6 hxg6 16. Nh2 Bf5 17. Qd2 g5 18. g3 $2 (18. Rfe1) 18... Be4 19. f3 Bg6 (19... Bxg3 $2 20. fxe4 Rxe4 21. Rf3 $19) 20. f4 (20. Kg2 {was called for.}) 20... Qh3 21. Qf2 (21. Qg2 $142 Qxg2+ 22. Kxg2) 21... gxf4 22. gxf4 Re3 23. Nf3 Bxf4 24. Bc1 {[%emt 0:00:55] [#]} Re4 (24... Rxf3 $142 $1 25. Bxf4 (25. Qxf3 Qh2#) 25... Rxf2 26. Kxf2 Be4) 25. Qg2 Qxg2+ $2 (25... Be3+ 26. Bxe3 {[#]} Rg4 $1 27. Qxg4 Qxg4+ 28. Kf2 Bh5) 26. Kxg2 Bxc1 27. Raxc1 Re2+ 28. Rf2 Rae8 29. Rd1 Bh5 30. Rd2 Bxf3+ 31. Kxf3 Rxf2+ 32. Kxf2 g5 33. Kf3 Kg7 34. a4 Kg6 35. b4 f5 36. b5 g4+ 37. Kg2 f4 38. a5 cxb5 39. cxb5 Rd8 (39... f3+ $142 40. Kg3 Re2 41. Rxe2 fxe2) 40. b6 axb6 41. axb6 Rd6 42. d5 Kf5 43. Kf2 f6 44. Rd4 {[%emt 0:01:03] [#]} Ke5 45. Rc4 Rxb6 46. d6 Rxd6 47. Rb4 Rd2+ 0-1

[Event "2nd Asian Nations Team Cup U14 2019"]
[Site "Shenzhen"]
[Date "2019.12.25"]
[Round "8.2"]
[White "Zhang, Di"]
[Black "Lam, Chun Yung Samuel"]
[Result "1-0"]
[ECO "E09"]
[WhiteElo "2013"]
[BlackElo "1288"]
[Annotator "NA RC"]
[PlyCount "73"]
[EventDate "2019.12.19"]
[EventType "team-tourn"]
[EventCountry "CHN"]
[SourceTitle "playchess.com"]
[Source "ChessBase"]
[SourceQuality "1"]
[WhiteTeam "China"]
[BlackTeam "Hong Kong"]
[WhiteTeamCountry "CHN"]
[BlackTeamCountry "HKG"]
[TimeControl "5400+30"]

1. Nf3 d5 2. g3 Nf6 3. Bg2 e6 4. d4 Be7 5. O-O O-O 6. c4 c6 7. Nbd2 b6 8. Qc2 Bb7 9. e4 dxe4 10. Nxe4 Nbd7 11. Nxf6+ Nxf6 {[%emt 0:00:12] E09: Closed Catalan: Main Line: 7 Qc2 c6 8 Nbd2} 12. c5 (12. Rd1 Qc8 13. c5 Rd8 14. Bf4 Nd5 15. Bg5 Qc7 16. Bxe7 Qxe7 17. Rac1 Rac8 18. a3 bxc5 19. dxc5 e5 20. Re1 f6 21. Nd2 Rb8 22. f4 Qd7 23. fxe5 fxe5 24. Nc4 {1-0 (24) Istratescu,A (2580)-Martinovici,I (2338) Alba Iulia 2017}) 12... Nd5 13. Bd2 Bf6 14. Rfe1 Re8 $146 ({Predecessor:} 14... Qc7 15. Rac1 Rfd8 16. Qe4 Rd7 17. h4 Rad8 18. h5 Be7 19. Qb1 bxc5 {1-0 (40) Hernando Rodrigo,J (2348)-Morais Carreras,J (1989) Llinars del Valles 2014}) 15. h4 h6 16. Rad1 Qc7 17. b3 ({White should play} 17. g4 $16) 17... Rad8 18. Bf1 b5 (18... Qc8 $14) 19. Qe4 a5 20. Bd3 a4 (20... Kf8 $16 21. a4 b4) 21. Qh7+ Kf8 22. Be4 (22. bxa4 $142 bxa4 23. g4) 22... axb3 23. axb3 Ke7 24. Bxd5 $1 Rxd5 25. Bf4 Qd8 26. Be5 Bxe5 $2 (26... Rh8 $16 27. Qe4 Rd7) 27. Nxe5 Rxd4 {[%emt 0:01:33] [#]} (27... Rg8 $18 28. Ra1 Qb8) 28. Qxg7 $1 Rf8 29. Ng6+ Kd7 30. Rxd4+ Kc7 31. Nxf8 Qe7 {[%emt 0:00:18] [#]} 32. Nxe6+ $1 Kb8 33. Rd8+ Ka7 34. Ra1+ Ba6 35. Qe5 Qb7 36. Nc7 f6 37. Qe7 1-0

[Event "2nd Asian Nations Team Cup U14 2019"]
[Site "Shenzhen"]
[Date "2019.12.25"]
[Round "8.3"]
[White "Li, Yucheng Robinson"]
[Black "Chen, Yuan"]
[Result "0-1"]
[ECO "B23"]
[WhiteElo "1185"]
[BlackElo "2056"]
[Annotator "NA RC"]
[PlyCount "62"]
[EventDate "2019.12.19"]
[EventType "team-tourn"]
[EventCountry "CHN"]
[SourceTitle "playchess.com"]
[Source "ChessBase"]
[SourceQuality "1"]
[WhiteTeam "Hong Kong"]
[BlackTeam "China"]
[WhiteTeamCountry "HKG"]
[BlackTeamCountry "CHN"]
[TimeControl "5400+30"]

1. e4 c5 2. Nc3 e6 3. d3 d5 4. exd5 exd5 5. Nf3 Nf6 6. Ne2 Nc6 7. Ng3 Bd6 8. Be2 O-O 9. Bg5 h6 10. Bxf6 Qxf6 11. c3 Ne7 (11... g6 $17 12. O-O h5) 12. O-O Ng6 13. d4 c4 14. b3 cxb3 15. axb3 Nf4 16. c4 Bg4 17. Re1 (17. h3 $15 Nxe2+ 18. Qxe2) 17... Rfe8 18. Qd2 Nxe2+ 19. Rxe2 Bxf3 20. gxf3 Qxf3 ({Black should play} 20... Rxe2 21. Nxe2 Qxf3) 21. Re3 Qg4 {[%emt 0:01:50] [#]} (21... Bf4 $17 22. Rxf3 Bxd2) 22. Rxe8+ (22. Rxa7 $1 $11 {[%mdl 512] keeps the balance.} Rec8 (22... Rxa7 23. Rxe8+) 23. Rxa8 Rxa8 24. Kg2) 22... Rxe8 23. Rxa7 $2 (23. c5 $17 Bb8 24. Re1) 23... h5 24. Rxb7 $2 (24. Ra1 h4 {[%mdl 64] Pin} 25. Qd1 Qxd1+ 26. Rxd1 hxg3 27. hxg3) 24... h4 {[%emt 0:00:17] Pin} 25. Qc3 hxg3 26. hxg3 Qd1+ 27. Kg2 Re1 28. cxd5 Rg1+ 29. Kh2 Bxg3+ 30. fxg3 Rh1+ 31. Kg2 Qf1# 0-1

[Event "2nd Asian Nations Team Cup U14 2019"]
[Site "Shenzhen"]
[Date "2019.12.25"]
[Round "8.4"]
[White "Wei, Yaqing"]
[Black "Huang, Yuen Tung"]
[Result "1-0"]
[ECO "C24"]
[WhiteElo "1621"]
[BlackElo "1293"]
[Annotator "NA RC"]
[PlyCount "111"]
[EventDate "2019.12.19"]
[EventType "team-tourn"]
[EventCountry "CHN"]
[SourceTitle "playchess.com"]
[Source "ChessBase"]
[SourceQuality "1"]
[WhiteTeam "China"]
[BlackTeam "Hong Kong"]
[WhiteTeamCountry "CHN"]
[BlackTeamCountry "HKG"]
[TimeControl "5400+30"]

1. e4 e5 2. Bc4 Nf6 3. d3 Bc5 4. Nf3 d6 5. h3 Nc6 6. a4 O-O 7. c3 a6 8. Nbd2 Nh5 9. Nb3 Ba7 10. Bg5 Qe8 11. O-O h6 12. Be3 Be6 13. Nbd2 Bxc4 14. Nxc4 Qe6 15. Nh4 Nf6 16. Nf5 Ne7 17. Bxa7 Rxa7 18. f4 exf4 19. Nxe7+ Qxe7 20. Rxf4 d5 21. exd5 Nxd5 22. Re4 Qc5+ 23. Kh1 Qf2 24. Qf1 Qxf1+ 25. Rxf1 Raa8 26. Rf5 Rad8 27. d4 f6 28. Na5 g6 29. Rf2 b6 30. Nc6 Rd6 31. Ne7+ Kf7 32. Rfe2 Re8 33. Nf5 Rdd8 34. Nxh6+ Kf8 35. Rxe8+ Rxe8 36. Rxe8+ Kxe8 37. Ng4 Kf7 38. g3 Ke6 39. Kg2 Ke7 40. Kf3 Ke6 41. h4 Kf5 42. Ne3+ Nxe3 43. Kxe3 c6 44. Kf3 Ke6 45. Ke4 Kd6 46. g4 Ke6 47. h5 Kf7 48. hxg6+ Kxg6 49. Kf4 Kf7 50. Kf5 Ke7 51. b3 Kf7 52. c4 Ke7 53. d5 c5 54. d6+ Kf7 55. d7 Ke7 56. d8=Q+ 1-0

[Event "2nd Asian Nations Team Cup U14 2019"]
[Site "Shenzhen"]
[Date "2019.12.25"]
[Round "8.6"]
[White "Xue, Haowen"]
[Black "Tsogtbayar, Batlut"]
[Result "1-0"]
[ECO "D17"]
[WhiteElo "1909"]
[BlackElo "1404"]
[Annotator "NA RC"]
[PlyCount "107"]
[EventDate "2019.12.19"]
[EventType "team-tourn"]
[EventCountry "CHN"]
[SourceTitle "playchess.com"]
[Source "ChessBase"]
[SourceQuality "1"]
[WhiteTeam "China"]
[BlackTeam "Mongolia"]
[WhiteTeamCountry "CHN"]
[BlackTeamCountry "MGL"]
[TimeControl "5400+30"]

1. d4 d5 2. c4 c6 3. Nc3 Nf6 4. Nf3 dxc4 5. a4 Bf5 6. Ne5 Nbd7 7. Nxc4 e6 8. g3 Nb6 {[%emt 0:01:54] D17: Slav Defence: 5 a4 Bf5: Lines with 6 Nh4 and 6 Ne5} 9. Ne5 Bb4 10. Bg2 a5 11. O-O O-O 12. Nd3 Nbd5 $146 ({Predecessor:} 12... h6 13. e3 Bxd3 14. Qxd3 e5 15. Na2 exd4 16. exd4 Nxa4 {0-1 (89) Gurevich,D (2537)-Gulko,B (2618) Salt Lake City 1999}) 13. Nxb4 axb4 14. Nxd5 cxd5 15. Qb3 Qb6 16. Bd2 Qxd4 17. Qxb4 Qxb4 18. Bxb4 Rfc8 19. Rfc1 h6 20. a5 Ne8 21. Bf1 d4 (21... Bc2 $14) 22. Bg2 Rcb8 23. Rd1 e5 24. f4 f6 25. fxe5 fxe5 26. Rac1 Ra6 (26... Bg4 $16 {was worth a try.} 27. Rc5 Bxe2) 27. Rc5 b6 28. Rxe5 bxa5 29. Ba3 ({Weaker is} 29. Rxf5 Rxb4 30. Bd5+ Kh7 $14) ({Don't play} 29. Rxd4 $6 axb4 30. Bd5+ (30. Rxf5 Nf6 $16) 30... Kh8) (29. Bxa5 $18 Bd7 30. Rxd4) 29... Bg6 30. Rxd4 Nf6 31. Bf3 a4 32. Kf2 Bf7 33. Rb4 ({White should try} 33. Re7 $18) 33... Rxb4 34. Bxb4 Bb3 35. Ba3 Ra7 36. Ke3 Kf7 37. h3 Be6 38. g4 Nd7 39. Rb5 Nf6 40. Rb7+ Rxb7 41. Bxb7 Nd5+ 42. Ke4 Nb6 43. Bc6 Bb3 44. Kd4 Nc8 45. e4 (45. Bd5+ $142 Kg6 46. Bc6) 45... Bc2 $2 (45... Ne7 $16) 46. e5 Ne7 47. Bxe7 Kxe7 48. Kc3 Bd1 49. Bd5 g6 50. Kd2 Bb3 51. Bxb3 axb3 52. Kc3 Ke6 53. Kd4 h5 54. g5 {[%emt 0:00:51] Kxe5+ Ke4+ Kd5+} 1-0